 Dungeon Crawl Stone Soup version 0.27-a0-1548-gf8a67e7463 (webtiles) character file.

Game seed: 7561883870419662431

86 Spaninq the Bolt Thrower (level 4, -2/40 HPs)
             Began as a Kobold Hunter on July 13, 2021.
             Succumbed to a goblin's poison
             ... on level 2 of the Dungeon.
             The game lasted 00:07:28 (2087 turns).

Spaninq the Bolt Thrower (Kobold Hunter)            Turns: 2087, Time: 00:07:29

Health: -2/40      AC: 22    Str: 10    XL:     4   Next: 78%
Magic:  4/4        EV:  3    Int: 12    God:
Gold:   28         SH:  0    Dex: 15    Spells: 3/3 levels left

rFire    . . .     SeeInvis .   i - +1 dagger (venom)
rCold    . . .     Faith    .   (shield restricted)
rNeg     + + +     Spirit   .   (armour currently unavailable)
rPois    +         Reflect  .   (helmet currently unavailable)
rElec    .         Harm     .   (cloak currently unavailable)
rCorr    .         Rampage  .   (gloves currently unavailable)
Will     .....     NoTele   +   (boots currently unavailable)
Stlth    +++.......             (no amulet)
HPRegen  0.13/turn              (no ring)
MPRegen  0.09/turn              (no ring)

@: brilliant, lethally poisoned (-2 -> -23), tree-form
A: stationary, stasis, torment immunity, boosted hp, small, no large weapons,
nightstalker 3
a: no special abilities


You were on level 2 of the Dungeon.
You were a tree.
You visited 1 branch of the dungeon, and saw 2 of its levels.

You collected 28 gold pieces.

Inventory:

Hand Weapons
 a - a +1 hand crossbow
 i - a +1 dagger of venom (weapon)
Missiles
 d - 8 bolts
Armour
 c - a +0 leather armour (melded)
 h - a +0 helmet (melded)
Scrolls
 b - 2 scrolls of identify {unknown}
 f - a scroll of torment {unknown}


   Skills:
 + Level 2.9 Fighting
 * Level 5.8 Crossbows
 + Level 1.2 Armour
 + Level 3.2 Dodging
 - Level 1.3 Stealth


You had 3 spell levels left.
You didn't know any spells.
Your spell library was empty.

Dungeon Overview and Level Annotations

Branches:
Dungeon (2/15)

Altars:


Innate Abilities, Weirdness & Mutations

You are a tree.
Your roots penetrate the ground, keeping you stationary.
You cannot be teleported.
You are immune to unholy pain and torment.
Your maximum health is greatly increased.
Your equipment is partially melded.
You are small and have problems with some larger weapons.
You are completely attuned to the shadows.


Message History

The hobgoblin barely misses you.
You hit the hobgoblin.
You kill the hobgoblin!
Items here: )) ††.
Things that are here:
a +0 animal skin; a +0 club
There is a stone staircase leading down here.
You climb downwards.
The goblin hits you with a +1 dagger of venom.
You are poisoned.
The goblin barely misses you.
There is a stone staircase leading up, spattered with blood here.
You completely miss the goblin.
You feel very sick. The goblin hits you but does no damage.
You are lethally poisoned!
It was a potion of brilliance.
You feel clever all of a sudden.
You feel very sick.
The goblin hits you with a +1 dagger of venom.
You are more poisoned.
It was a potion of lignification.
You turn into a tree.
Your +0 helmet melds into your body.
Your +0 leather armour melds into your body.
Your roots penetrate the ground.
You feel very sick. The goblin hits you but does no damage.
You are more poisoned.
You hit the goblin but do no damage.
The goblin is poisoned.
* * * LOW HITPOINT WARNING * * *
You feel extremely sick. The goblin barely misses you.
You hit the goblin.
You kill the goblin!
* * * LOW HITPOINT WARNING * * *
You feel very sick.
You aren't carrying any potions.
There is a lethal amount of poison in your body!
Unknown command.
You die...

..#.## #......... ....#
#......... #..####
#......... #...g.###
#.........
#.###...####g.>......
..#.#####....)g#.......
#......>.....##########
......bb......####
......######♣[...#
......# ##)÷#... .....#
##.# ## #... #..## ..##


There were no monsters in sight!

Vanquished Creatures
  Jessica (D:2)
  Robin (D:1)
  A ball python (D:1)
  6 bats
  4 endoplasms (D:1)
  A giant cockroach (D:1)
  12 goblins
  6 hobgoblins (D:1)
  6 jackals (D:1)
  3 rats
41 creatures vanquished.

Notes
Turn   | Place    | Note
-------+----------+-------------------------------------------
     0 | D:1      | Spaninq the Kobold Hunter began the quest for the Orb.
     0 | D:1      | Reached XP level 1. HP: 12/12 MP: 1/1
   155 | D:1      | Reached skill level 5 in Crossbows
   162 | D:1      | Reached XP level 2. HP: 18/18 MP: 2/2
   401 | D:1      | Reached XP level 3. HP: 18/22 MP: 3/3
  1146 | D:2      | Noticed Robin
  1284 | D:2      | Noticed Jessica
  1311 | D:1      | Killed Robin
  1312 | D:1      | Reached skill level 1 in Armour
  1312 | D:1      | Reached XP level 4. HP: 6/27 MP: 4/4
  1540 | D:2      | Killed Jessica
  2086 | D:2      | HP: 1/40 [poisoned by a goblin]
  2087 | D:2      | Succumbed to a goblin's poison

Illustrated notes

Levels and vault maps discovered:
D:1:      evilmike_arrival_rings, layout_loops_ring, serial_glass,
          glass_columns_c, glass_columns_a, glass_columns_a, glass_columns_a,
          glass_columns_a, glass_columns_c, glass_columns_a, glass_columns_a
D:2:      layout_rooms, hellmonk_ecumenical_altar_lost_god, uniq_robin,
          uniq_jessica

Skill      XL: |  1  2  3 |
---------------+----------+-----
Crossbows      | 5 |  5.8
Armour         | 1 |  1.2
Dodging        | 3 |  3.2
Fighting       | |  2.9
Stealth        | |  1.3

Action                   |  1- 3 |  4- 6 || total
-------------------------+-------+-------++-------
Melee: Dagger            |       |    19 ||    19
 Fire: Hand crossbow     |    76 |     9 ||    85
  Use: Potion            |       |     2 ||     2
Armor: Leather armour    |     8 |     9 ||    17
       Skin              |       |     1 ||     1
Dodge: Dodged            |    33 |    54 ||    87

Table legend: (Time is in decaauts)
 A = Elapsed time spent in this place.
 B = Non-inter-level travel time spent in this place.
 C = Inter-level travel time spent in this place.
 D = Time resting spent in this place.
 E = Time spent auto-exploring this place.
 F = Levels seen in this place.
 G = Mean time per level.
                   A        B        C        D        E       F      G
               +--------+--------+--------+--------+--------+-----+--------+
         Total |   2113 |   2048 |     65 |    559 |    908 |   2 | 1056.5 |
       Dungeon |   2113 |   2048 |     65 |    559 |    908 |   2 | 1056.5 |
               +--------+--------+--------+--------+--------+-----+--------+

Top non-repeatable levels by time:
     D:1: 2013 daAuts
     D:2: 99 daAuts
